AoeStats
← Juyhou

Fortress

510171119Analyzed
4v4 RM · 2d ago on Sep 29, 2026· 48m 16s· 8 players
Game mode
Random Map
Map size
Huge
Population
200
Speed
Normal
Resources
Standard
Victory
Conquest
Starting age
Dark Age
Ending age
Imperial Age
RankedLock teamsTeams togetherTeam positionsShared explorationLock speedFull tech treeHidden civsTurbo modeCheats
Victory
Defeat
🇮🇹 Chinese · Italy
1704
+15
🇮🇹 Persians · Italy
1675
+17
🇮🇹 Britons · Italy
1639
+18
🇮🇹 Spanish · Italy
1587
+20
🇫🇮 Saxons · Finland
1897
-25
🇫🇮 Varangians · Finland
1684
-18
🇫🇮 Danes · Finland
1647
-16
🇫🇮 Vikings · Finland
1516
-11
Juyhou
7:19 Feudal Age
10:53 Castle Age
8:59 Double-Bit Axe
8:55 Horse Collar
11:52 Bow Saw
12:14 Heavy Plow
17:59 Wheelbarrow
18:33 Gold Mining
18:36 Loom
19:49 Hand Cart
21:05 Stone Mining
21:52 Gold Shaft Mining
22:10 Town Watch
25:05 Imperial Age
23:02 Scale Mail Armor
23:35 Squires
23:21 Arson
26:11 Conscription
26:08 Chain Mail Armor
26:04 Forging
25:41 Capped Ram
26:09 Elite Varangian Guard
27:31 Shield Wall
28:54 Plate Mail Armor
28:05 Pikeman
29:23 Iron Casting
28:36 Halberdier
32:03 Gambesons
31:56 Siege Ram
33:30 Block Printing
33:26 Redemption
33:28 Caravan
33:32 Siege Ram
34:07 Fletching
35:49 Clerical Recruitment
36:56 Sanctity
37:14 Theocracy
37:26 Illumination
37:53 Crop Rotation
38:24 Two-Man Saw
Dasran
6:52 Feudal Age
11:15 Castle Age
9:39 Loom
10:06 Double-Bit Axe
10:02 Horse Collar
19:42 Gold Mining
20:03 Bow Saw
19:57 Heavy Plow
20:37 Town Watch
25:20 Imperial Age
23:44 Fortified Wall
23:45 Masonry
23:41 Fletching
23:51 Padded Archer Armor
23:18 Crossbowman
24:25 Ballistics
24:24 Loom
24:38 Bodkin Arrow
26:03 Bracer
25:30 Arbalester
27:13 Chemistry
27:39 Leather Archer Armor
28:12 Bogsveigar
31:13 Two-Man Saw
30:43 Crop Rotation
31:10 Town Patrol
31:27 Caravan
31:49 Conscription
32:06 Hoardings
32:36 Gold Shaft Mining
31:52 Stone Mining
34:16 Ring Archer Armor
34:30 Forging
34:20 Scale Mail Armor
34:25 Scale Barding Armor
33:43 Pikeman
34:23 Squires
34:13 Arson
33:52 Elite Berserk
34:02 Capped Ram
35:06 Siege Ram
36:16 Siege Engineers
36:21 Masonry
35:53 Treadmill Crane
42:37 Murder Holes
43:12 Architecture
48:30 Chieftains
49:00 Chain Mail Armor
49:21 Iron Casting
Morso
7:15 Feudal Age
8:36 Double-Bit Axe
11:38 Castle Age
10:35 Horse Collar
10:53 Gold Mining
16:34 Loom
18:25 Wheelbarrow
19:05 Heavy Plow
18:58 Stone Mining
24:19 Imperial Age
22:28 Fletching
23:50 Hand Cart
23:53 Scale Mail Armor
24:23 Bodkin Arrow
25:38 Chain Mail Armor
25:50 Forging
25:36 Capped Ram
27:04 Plate Mail Armor
27:32 Conscription
26:47 Pikeman
27:27 Squires
28:25 Hoardings
27:53 Halberdier
29:43 Iron Casting
30:09 Bracer
31:34 Blast Furnace
30:09 Onager
31:56 Gold Shaft Mining
31:11 Arson
31:12 Gambesons
32:40 Siege Ram
35:08 Masonry
37:52 Elite Varangian Guard
48:13 Town Watch
Shyles
6:53 Feudal Age
10:48 Castle Age
8:39 Double-Bit Axe
9:07 Horse Collar
11:57 Bow Saw
17:02 Wheelbarrow
17:33 Bow Saw
18:36 Hand Cart
19:45 Loom
20:53 Fletching
25:00 Heavy Plow
25:24 Gold Mining
29:31 Imperial Age
27:02 Gold Mining
27:04 Stone Mining
27:34 Scale Mail Armor
27:45 Forging
27:22 Arson
27:22 Gambesons
28:35 Chain Mail Armor
28:24 Squires
29:28 Forging
29:32 Gothikon
30:33 Conscription
30:45 Plate Mail Armor
30:50 Iron Casting
29:50 Elite Varangian Guard
32:27 Caravan
35:58 Pikeman
36:47 Bodkin Arrow
36:53 Padded Archer Armor
38:53 Leather Archer Armor
38:39 Bracer
40:42 Heavy Plow
41:57 Man-at-Arms
GdR_Matteo
0:30 Loom
7:34 Feudal Age
11:55 Castle Age
10:17 Double-Bit Axe
13:05 Bow Saw
12:37 Horse Collar
15:48 Fletching
16:26 Bodkin Arrow
18:13 Ballistics
20:12 Town Watch
21:06 Wheelbarrow
27:23 Imperial Age
26:16 Fortified Wall
27:53 Masonry
28:21 Bracer
29:53 Padded Archer Armor
30:56 Chemistry
30:02 Thumb Ring
30:56 Conscription
31:47 Two-Man Saw
30:48 Heavy Plow
32:45 Elite Chu Ko Nu
34:55 Leather Archer Armor
35:20 Caravan
35:20 Capped Ram
37:03 Stone Mining
37:03 Gold Mining
36:47 Siege Ram
39:17 Architecture
41:35 Great Wall
42:17 Rocketry
42:55 Heavy Scorpion
44:06 Ring Archer Armor
44:33 Bombard Tower
44:09 Murder Holes
45:04 Arrowslits
45:37 Devotion
47:23 Heavy Rocket Cart
GdR_Kingofn00b5
7:34 Feudal Age
11:06 Castle Age
9:14 Double-Bit Axe
9:36 Horse Collar
12:15 Bow Saw
12:11 Heavy Plow
13:37 Wheelbarrow
19:25 Hand Cart
19:51 Gold Mining
20:24 Loom
20:24 Town Watch
21:37 Gold Shaft Mining
21:35 Stone Mining
25:05 Imperial Age
22:32 Fletching
22:42 Padded Archer Armor
23:09 Bodkin Arrow
24:38 Yeomen
24:34 Leather Archer Armor
24:43 Ballistics
25:07 Elite Longbowman
26:27 Hoardings
26:08 Bracer
27:14 Chemistry
27:23 Ring Archer Armor
27:29 Conscription
29:03 Masonry
29:11 Town Patrol
30:45 Warwolf
31:33 Architecture
31:43 Siege Engineers
31:47 Caravan
34:42 Coinage
36:49 Sappers
40:41 Two-Man Saw
40:42 Guilds
41:05 Banking
47:26 Treadmill Crane
47:44 Murder Holes
GdR_Polemos
7:40 Feudal Age
11:14 Castle Age
9:14 Double-Bit Axe
9:22 Horse Collar
12:09 Bow Saw
12:35 Heavy Plow
16:53 Wheelbarrow
17:08 Heavy Plow
23:43 Imperial Age
21:58 Hand Cart
22:06 Gold Mining
22:09 Stone Mining
23:13 Scale Barding Armor
23:19 Forging
23:39 Loom
23:40 Town Watch
24:20 Chain Barding Armor
24:23 Conscription
24:44 Bloodlines
24:34 Husbandry
25:25 Elite War Elephant
27:12 Plate Barding Armor
28:00 Iron Casting
28:34 Two-Man Saw
28:58 Caravan
29:08 Guilds
29:29 Coinage
31:20 Blast Furnace
30:11 Fletching
31:45 Gold Shaft Mining
31:45 Stone Shaft Mining
32:24 Crop Rotation
32:47 Banking
33:48 Masonry
33:35 Bodkin Arrow
34:08 Devotion
38:43 Theocracy
39:27 Architecture
39:59 Chemistry
39:24 Ballistics
41:24 Faith
45:34 Citadels
47:33 Fervor
47:19 Herbal Medicine
47:40 Block Printing
48:40 Hoardings
Vitello Padano
7:53 Feudal Age
11:38 Castle Age
10:23 Padded Archer Armor
10:09 Double-Bit Axe
11:04 Horse Collar
12:46 Leather Archer Armor
12:48 Bow Saw
16:05 Loom
20:50 Wheelbarrow
24:59 Imperial Age
22:37 Scale Barding Armor
23:14 Forging
23:38 Bloodlines
23:33 Husbandry
25:32 Chain Barding Armor
25:49 Iron Casting
25:09 Cavalier
27:27 Plate Barding Armor
27:09 Heavy Plow
28:04 Gold Mining
28:31 Paladin
30:51 Blast Furnace
30:33 Hand Cart
30:04 Town Watch
31:07 Caravan
31:20 Stone Mining
34:52 Stone Shaft Mining
36:16 Conscription
36:51 Guilds
37:47 Two-Man Saw
38:18 Coinage
37:28 Light Cavalry
40:57 Supremacy
41:52 Banking
41:54 Leather Archer Armor
41:34 Fletching
41:45 Scale Mail Armor
43:35 Bodkin Arrow
44:34 Ballistics
46:03 Fortified Wall
46:03 Masonry
47:20 Chemistry
45:42 Elite Conquistador
48:18 Ring Archer Armor
47:50 Bracer
47:14 Hussar
Connection lost

Rejoining the realm…

Still unreachable

The connection could not be restored.

Session expired

The server has moved on; the page needs a fresh start.